AoeStats
← PeterHustinov

Nomad

509583214Analyzed
2v2 RM · 4d ago on Sep 27, 2026· 37m 54s· 4 players
Game mode
Random Map
Map size
176×176
Population
200
Speed
Normal
Resources
Standard
Victory
Conquest
Starting age
Dark Age
Ending age
Imperial Age
RankedLock teamsTeams togetherTeam positionsShared explorationLock speedFull tech treeHidden civsTurbo modeCheats
Victory
Defeat
🇦🇺 Portuguese · Australia
1077
+16
🇲🇾 Koreans · Malaysia
1045
+17
🇪🇸 Vietnamese · Spain
1085
-17
🇪🇸 Lithuanians · Spain
1066
-16
说中文
3:45 Loom
14:54 Feudal Age
19:43 Castle Age
18:03 Fishing Lines
18:11 Double-Bit Axe
18:11 Horse Collar
18:47 Town Watch
18:56 Gold Mining
19:42 Stone Mining
22:13 Bow Saw
31:30 Imperial Age
29:38 Fletching
32:02 Bodkin Arrow
32:49 Gold Shaft Mining
34:36 Conscription
35:24 Elite War Wagon
36:47 Bracer
37:51 Chemistry
38:06 Two-Man Saw
38:15 Ballistics
39:01 Wheelbarrow
roganjosh
6:33 Loom
15:09 Feudal Age
16:33 Double-Bit Axe
18:52 Fishing Lines
22:24 Castle Age
20:59 Wheelbarrow
20:10 Town Watch
23:06 Pikeman
26:08 Bow Saw
29:21 Hand Cart
29:37 Medium Warships
29:19 Gillnets
30:15 Arson
36:41 Town Patrol
PeterHustinov
7:14 Loom
16:59 Feudal Age
17:22 Horse Collar
17:25 Man-at-Arms
20:27 Wheelbarrow
22:24 Town Watch
38:07 Castle Age
38:13 Fletching
38:24 Padded Archer Armor
Trabuco
6:36 Loom
16:18 Feudal Age
21:06 Castle Age
22:09 Double-Bit Axe
22:10 Horse Collar
Connection lost

Rejoining the realm…

Still unreachable

The connection could not be restored.

Session expired

The server has moved on; the page needs a fresh start.